 Dungeon Crawl Stone Soup version 0.32-a0-607-g64ea0e4219 (webtiles) character file.

Game seed: 14731561090759113759

1 dolemite99 the Chopper (level 1, 0/16 HPs)
             Began as a Coglin Gladiator on Mar 4, 2024.
             Succumbed to a goblin's poison
             ... on level 1 of the Dungeon.
             The game lasted 00:00:06 (45 turns).

dolemite99 the Chopper (Coglin Gladiator)             Turns: 45, Time: 00:00:06

Health: 0/16       AC:  4    Str: 13 (14) XL:     1   Next: 20%
Magic:  1/1        EV: 12    Int:  4 (7)  God:
Gold:   0          SH:  0    Dex: 13 (15) Spells: 0/0 levels left

rFire   . . .        a - +0 war axe {Wira}
rCold   . . .        f - +0 dagger {Charoen}
rNeg    . . .        b - +0 leather armour
rPois   .            c - +0 helmet
rElec   .            (no cloak)
rCorr   .            (no gloves)
SInv    .            (no boots)
Will    .....        (amulet unavailable)
Stlth   +            (ring unavailable)
HPRegen 0.22/turn    (ring unavailable)
MPRegen 0.07/turn    (no gizmo)

%: no passive effects
@: lethally poisoned (0 -> -3), revving
A: off-hand wielding, slow wielding, warmup strikes, no jewellery
a: Invent Gizmo


You were on level 1 of the Dungeon.
You visited 1 branch of the dungeon, and saw 1 of its levels.

Inventory:

Hand Weapons
 a - a +0 war axe (weapon) {Wira}
 f - a +0 dagger (offhand) {Charoen}
Missiles
 d - 3 throwing nets (quivered)
 e - a javelin
Armour
 b - a +0 leather armour (worn)
 c - a +0 helmet (worn)


   Skills:
 - Level 2.0 Fighting
 + Level 3.1 Axes
 - Level 1.7 Throwing
 - Level 2.6 Dodging


You couldn't memorise any spells.
You didn't know any spells.
Your spell library was empty.

Dungeon Overview and Level Annotations

Branches:
Dungeon (1/15)

Altars:


Innate Abilities, Weirdness & Mutations

You can wield a second weapon in your off-hand.
It takes a long time for you to wield or remove held weapons.
Your first few attacks do less damage.
You cannot equip rings or amulets.


Message History

The goblin hits you but does no damage.
You are poisoned.
A goblin is nearby!
You hit the goblin but do no damage. x2; You feel sick.
The goblin hits you but does no damage.
You are more poisoned.
You hit the goblin with your +0 war axe.
The goblin is severely wounded.
You closely miss the goblin with your +0 dagger.
You feel very sick. The goblin hits you but does no damage.
You are lethally poisoned!
You completely miss the goblin with your +0 war axe.
The goblin is severely wounded.
You hit the goblin but do no damage.
You feel very sick. The goblin misses you.
You are too injured to fight recklessly!
You slash the goblin with your +0 war axe!
You kill the goblin!
You feel very sick.
You are too injured to fight recklessly!
There is a lethal amount of poison in your body!
You are too injured to fight recklessly!
There is a lethal amount of poison in your body!
There is a lethal amount of poison in your body!
There is a lethal amount of poison in your body!
It was a potion of degeneration.
There was something very wrong with that liquid.
You feel weakened.
You feel dopey.
You feel clumsy.
* * * LOW HITPOINT WARNING * * *
You feel sick.
* * * LOW HITPOINT WARNING * * *
You feel sick.
* * * LOW HITPOINT WARNING * * *
You feel sick.
* * * LOW HITPOINT WARNING * * *
You feel sick.
There is a lethal amount of poison in your body!
You die...

.# .# .# .# .# .# ###)#
#.@.# #.###########
#............
########...####
###.............#####
....................####
#......................#
#########...............
#######.........


There were no monsters in sight!

Vanquished Creatures
  A goblin (D:1)
1 creature vanquished.

Notes
Turn   | Place    | Note
-------+----------+-------------------------------------------
     0 | D:1      | dolemite99 the Coglin Gladiator began the quest for the
                  | Orb.
     0 | D:1      | Reached XP level 1. HP: 16/16 MP: 1/1
    45 | D:1      | Succumbed to a goblin's poison

Illustrated notes

Levels and vault maps discovered:
D:1:      eino_arrival_cavern_c, layout_basic, minmay_cupped

Action                     || total
---------------------------++-------
  Melee: War axe           ||     4
         Dagger            ||     3
    Use: Potion            ||     1
 Armour: Leather armour    ||     3
  Dodge: Dodged            ||     1

Table legend: (Time is in decaauts)
 A = Elapsed time spent in this place.
 B = Non-inter-level travel time spent in this place.
 C = Inter-level travel time spent in this place.
 D = Time resting spent in this place.
 E = Time spent auto-exploring this place.
 F = Levels seen in this place.
 G = Mean time per level.
                   A        B        C        D        E       F      G
               +--------+--------+--------+--------+--------+-----+--------+
         Total |     45 |     45 |      0 |      0 |     33 |   1 |   45.0 |
       Dungeon |     45 |     45 |      0 |      0 |     33 |   1 |   45.0 |
               +--------+--------+--------+--------+--------+-----+--------+

Top non-repeatable levels by time:
     D:1: 45 daAuts
